 Dungeon Crawl Stone Soup version 0.26.0-15-gc6cd9f700b (webtiles) character file.

Game seed: 49673755547260677

14 ragingrage the Skirmisher (level 2, -1/24 HPs)
             Began as a Formicid Abyssal Knight on Jan 15, 2021.
             Was a Follower of Lugonu.
             Slain by a goblin
             ... wielding a +2 dagger of electrocution
              (5 damage)
             ... on level 1 of the Dungeon.
             The game lasted 00:00:36 (679 turns).

ragingrage the Skirmisher (Formicid Abyssal Knight)  Turns: 679, Time: 00:00:37

Health: -1/24      AC:  4    Str: 16    XL:     2   Next: 60%
Magic:  3/3        EV: 11    Int: 11    God:    Lugonu [*.....]
Gold:   48         SH:  0    Dex: 10    Spells: 1/1 levels left

rFire    . . .     SeeInvis +   a - +1 hand axe
rCold    . . .     Faith    .   (no shield)
rNeg     . . .     Spirit   .   b - +0 leather armour
rPois    .         Reflect  .   (helmet unavailable)
rElec    .         Harm     .   f - +0 cloak
rCorr    .         Rampage  .   (no gloves)
Will     .....                  (no boots)
Stlth    +.........             (no amulet)
HPRegen  0.08/turn              (no ring)
MPRegen  0.08/turn              (no ring)

@: no status effects
A: permanent stasis, dig shafts and tunnels, four strong arms, antennae 3
a: Dig, Shaft Self, Renounce Religion, Depart the Abyss


You were on level 1 of the Dungeon.
You worshipped Lugonu.
Lugonu was aware of your devotion.
You visited 1 branch of the dungeon, and saw 1 of its levels.
You visited the Abyss 1 time.

You collected 48 gold pieces.

Inventory:

Hand Weapons
 a - a +1 hand axe (weapon)
Armour
 b - a +0 leather armour (worn)
 f - a +0 cloak (worn)
Scrolls
 c - a scroll of identify {unknown}
 d - 2 scrolls of random uselessness {unknown}
 g - a scroll of immolation {unknown}
Potions
 e - a potion of curing {unknown}


   Skills:
 - Level 3.2 Fighting
 + Level 3.0 Axes
 - Level 2.1 Armour
 - Level 0.8 Dodging
 - Level 2.1 Invocations


You had one spell level left.
You didn't know any spells.
Your spell library was empty.

Dungeon Overview and Level Annotations

Branches:
Dungeon (1/15)

Altars:


Innate Abilities, Weirdness & Mutations

You cannot be hasted, slowed, berserked, paralysed or teleported.
You can dig through walls and to a lower floor.
Your four strong arms can wield two-handed weapons with a shield.
You have a pair of large antennae on your head. (SInv)


Message History

* * * LOW HITPOINT WARNING * * *
You are too injured to fight recklessly!
You are too injured to fight recklessly!
You are too injured to fight recklessly!
You are too injured to fight recklessly!
You are too injured to fight recklessly!
You are too injured to fight recklessly!
You are too injured to fight recklessly!
You are too injured to fight recklessly!
You are too injured to fight recklessly!
You are too injured to fight recklessly!
You are too injured to fight recklessly!
You are too injured to fight recklessly!
You are too injured to fight recklessly!
Okay, then.
You hit the goblin.
The goblin is heavily wounded.
The goblin hits you but does no damage.
The goblin hits you with a +2 dagger of electrocution.
You die...

#(#######################.#
#(#### #.# .(...# #########
#.# .....# #.......# #)#
.....# #.#####.# #.# .)...#
#.# #.### #.# .....#
#.#####.#.### #.# ...###
#.#..(....#.######.#
...#####.#.###.#@#........#
.........#.# #.#g#.########
##########.# #.#.#.# #.#
#.#.#.# ######.# #.#.#.#
#......# #...#.# ###
#......#######.# ..
+.........(....# .#
#......#########


You could see a goblin.

Vanquished Creatures
  A dart slug (D:1)
  2 goblins (D:1)
  3 hobgoblins (D:1)
  3 kobolds (D:1)
  A bat (D:1)
  2 rats (D:1)
12 creatures vanquished.

Notes
Turn   | Place    | Note
-------+----------+-------------------------------------------
     0 | Abyss:1  | ragingrage the Formicid Abyssal Knight began the quest for
                  | the Orb.
     0 | Abyss:1  | Reached XP level 1. HP: 18/18 MP: 2/2
     7 | D:1      | Escaped the Abyss
    63 | D:1      | Reached XP level 2. HP: 24/24 MP: 3/3
   679 | D:1      | Slain by a goblin

Illustrated notes

Levels and vault maps discovered:
D:1:      minmay_arrival_five_plusses, layout_basic

Skill      XL: |  1  2 |
---------------+-------+-----
Axes           | 3 |  3.0
Fighting       | |  3.2
Armour         | |  2.1
Dodging        | |  0.8
Invocations    | |  2.1

Action                   || total
-------------------------++-------
Melee: Hand axe          ||    33
Armor: Leather armour    ||    13
Dodge: Dodged            ||    16
